 Dungeon Crawl Stone Soup version 0.21-a0-508-gf08a75f (webtiles) character file.

64 tof the Firebug (level 4, -1/24 HPs)
             Began as a Tengu Fire Elementalist on Nov 28, 2017.
             Slain by Sigmund
             ... wielding a +0 scythe
              (12 damage)
             ... on level 3 of the Dungeon.
             The game lasted 00:04:06 (2109 turns).

tof the Firebug (Tengu Fire Elementalist)           Turns: 2109, Time: 00:04:07

Health: -1/24      AC:  3    Str:  9    XL:     4   Next: 12%
Magic:  8/8        EV: 12    Int: 15    God:
Gold:   159        SH:  0    Dex: 15    Spells: 6/7 levels left

rFire    . . .     SeeInvis .   u - +1 trident (freeze)
rCold    . . .     Gourm    .   (no shield)
rNeg     . . .     Faith    .   o - +0 leather armour
rPois    .         Spirit   .   (helmet restricted)
rElec    .         Reflect  .   (no cloak)
rCorr    .         Harm     .   (no gloves)
MR       .....                  (boots unavailable)
Stlth    +.........             (no amulet)
HPRegen  0.08/turn              (no ring)
MPRegen  0.11/turn              (no ring)

@: confused
A: beak, talons 3
a: no special abilities


You were on level 3 of the Dungeon.
You were not hungry.

You visited 1 branch of the dungeon, and saw 3 of its levels.

You collected 159 gold pieces.

Inventory:

Hand Weapons
 u - a +1 trident of freezing (weapon)
Missiles
 l - 3 javelins of penetration (quivered)
Armour
 a - a +0 robe
 o - a +0 leather armour (worn)
Jewellery
 i - an uncursed ring of protection from magic {unknown}
 w - a +1 ring of evasion {unknown}
Scrolls
 e - 2 scrolls of identify {unknown}
 g - a scroll of noise {unknown}
 k - a scroll of remove curse {unknown}
 m - a scroll of blinking {unknown}
 n - 2 scrolls of teleportation {unknown}
 p - a scroll of amnesia {unknown}
Potions
 h - a potion of haste {unknown}
 j - a potion of lignification {unknown}
 q - a potion of degeneration {unknown}
 r - a potion of berserk rage {unknown}
 t - a potion of magic {unknown}
Books
 b - a book of Flames

   Spells                             Type                      Level
   a - Flame Tongue                   Conjuration/Fire             1
   b - Throw Flame                    Conjuration/Fire             2
   c - Conjure Flame                  Conjuration/Fire             3
   d - Inner Flame                    Hexes/Fire                   3
   e - Sticky Flame                   Conjuration/Fire             4
   f - Fireball                       Conjuration/Fire             5
 v - a book of Cantrips

   Spells                             Type                      Level
   a - Confusing Touch                Hexes                        1
   b - Animate Skeleton               Necromancy                   1
   c - Summon Small Mammal            Summoning                    1
   d - Apportation                    Translocation                1
Comestibles
 c - 2 bread rations
 d - 4 chunks of flesh
 f - a royal jelly
 s - 3 fruits


   Skills:
 + Level 2.8 Dodging
 + Level 2.6 Stealth
 + Level 2.4 Spellcasting
 + Level 2.6 Conjurations
 + Level 3.7 Fire Magic


You had 6 spell levels left.
You knew the following spells:

 Your Spells              Type           Power        Failure   Level  Hunger
a - Flame Tongue          Conj/Fire      ##...        8%          1    #......


Dungeon Overview and Level Annotations

Branches:
Dungeon (3/15)

Altars:
Ashenzari
Yredelemnul

Annotations:
D:3 Sigmund


Innate Abilities, Weirdness & Mutations

You have a beak for a mouth.
You have claws for feet.


Message History

There is an open door here.
You open the door.
A spectral thing and Sigmund come into view.
Found a basalt altar of Yredelemnul.
Sigmund shouts!
Sigmund hits you from afar with a scythe.
The spectral orc passes through a web.
There is an open door here.
Sigmund closely misses you.
You puncture Sigmund! You freeze Sigmund.
Sigmund is moderately wounded.
The spectral orc closely misses you. Sigmund casts a spell at you.
You are confused.
You puncture the spectral orc! You freeze the spectral orc.
You destroy the spectral orc!
Sigmund hits you with a scythe!
Sigmund hits you from afar with a scythe!
Ouch! That really hurt!
You die...

.# #.# #.# ##### #.#
##### #.#^## #.# .....
#^^^.####.# .....
#_.@.'..#.# .....
#^^..##...# .....
#^#@#####.# ##### #####
#.# #.# #.# #.#
######################.#
.......................#


You could see Sigmund.

Vanquished Creatures
  2 adders
  A dart slug (D:1)
  A leopard gecko (D:2)
  A ball python (D:2)
  3 bats (D:1)
  3 giant cockroaches
  8 goblins
  4 hobgoblins
  4 jackals (D:1)
  A quokka (D:2)
  5 frilled lizards
  3 kobolds
  5 rats
  A spectral orc (D:3)
42 creatures vanquished.

Notes
Turn   | Place    | Note
-------+----------+-------------------------------------------
     0 | D:1      | tof the Tengu Fire Elementalist began the quest for the Orb.
     0 | D:1      | Reached XP level 1. HP: 10/10 MP: 4/4
    64 | D:1      | Reached XP level 2. HP: 8/15 MP: 6/6
   645 | D:1      | Reached XP level 3. HP: 18/19 MP: 5/7
  1285 | D:2      | Found a shattered altar of Ashenzari.
  2047 | D:3      | Reached XP level 4. HP: 24/24 MP: 6/8
  2104 | D:3      | Found a basalt altar of Yredelemnul.
  2104 | D:3      | Noticed Sigmund
  2109 | D:3      | Slain by Sigmund

Vault maps used:
D:1:      giann_horns
D:2:      ashenzari_conservatory_becter
D:3:      yredelemnul_forgotten_temple_becter,
          chequers_temple_overflow_statue_of_worship,
          grunt_temple_overflow_open, first_bread, uniq_crazy_yiuf_cottage,
          uniq_sigmund

Skill      XL: |  1  2 |
---------------+-------+-----
Conjurations   | 2 |  2.6
Dodging        | |  2.8
Stealth        | |  2.6
Spellcasting   | |  2.4
Fire Magic     | |  3.7

Action                   |  1- 3 |  4- 6 || total
-------------------------+-------+-------++-------
Melee: Unarmed           |    61 |       ||    61
       Kick              |    19 |       ||    19
       Peck              |     7 |       ||     7
       Trident           |     8 |     2 ||    10
Throw: Javelin           |    18 |       ||    18
 Cast: Flame Tongue      |    25 |       ||    25
 Stab: Sleeping          |     2 |       ||     2
  Eat: Chunk             |     4 |       ||     4
Armor: Robe              |     1 |       ||     1
       Leather armour    |    10 |       ||    10
Dodge: Dodged            |    35 |     2 ||    37

Table legend:
 A = Spawn XP
 B = Non-spawn XP
 C = Spawn XP percentage of total XP
 D = Spawn monster count
 E = Non-spawn monster count
 F = Spawn count percentage of total count
 G = Total turns spent on level
                    A         B        C        D         E        F      G
               +---------+---------+-------+---------+---------+-------+---------
         Total |       0 |      92 |   0.0 |       0 |      42 |   0.0 |  2109
               +---------+---------+-------+---------+---------+-------+---------
           D:1 |       0 |      41 |   0.0 |       0 |      25 |   0.0 |  1142
           D:2 |       0 |      34 |   0.0 |       0 |      13 |   0.0 |   781
           D:3 |       0 |      17 |   0.0 |       0 |       4 |   0.0 |   186
               +---------+---------+-------+---------+---------+-------+---------
